 Dungeon Crawl Stone Soup version 0.24-a0-584-g9d6b971ae4 (webtiles) character file.

Game seed: 16610456043693336563, levelgen mode: deterministic

1250 Leibowitz the Firebug (level 8, -2/59 HPs)
             Began as a Demigod Fire Elementalist on Sept 6, 2019.
             Splashed by a jelly's acid (8 damage)
             ... on level 6 of the Dungeon.
             The game lasted 00:27:06 (6106 turns).

Leibowitz the Firebug (Demigod Fire Elementalist)   Turns: 6106, Time: 00:27:07

Health: -2/59      AC:  3    Str: 11    XL:     8   Next: 5%
Magic:  14/19      EV: 13    Int: 23    God:
Gold:   193        SH:  0    Dex: 16    Spells: 12/18 levels left

rFire    . . .     SeeInvis .   k - +1 dagger (venom)
rCold    . . .     Gourm    .   (no shield)
rNeg     . . .     Faith    +   a - +1 robe
rPois    .         Spirit   .   (no helmet)
rElec    .         Reflect  .   (no cloak)
rCorr    .         Harm     .   (no gloves)
MR       .....                  (no boots)
Stlth    ++........             n - amulet of faith
HPRegen  0.19/turn              (no ring)
MPRegen  0.16/turn              (no ring)

@: no status effects
A: high mp 1
a: no special abilities


You were on level 6 of the Dungeon.
You were not hungry.

You visited 1 branch of the dungeon, and saw 6 of its levels.
You also visited: Ossuary.

You collected 193 gold pieces.

Inventory:

Hand Weapons
 k - a +1 dagger of venom (weapon)
Armour
 a - a +1 robe (worn)
Jewellery
 n - an amulet of faith (around neck)
Wands
 i - a wand of paralysis (10)
 u - a wand of flame (10)
Scrolls
 b - 5 scrolls of teleportation
 d - a scroll of magic mapping
 g - 8 scrolls of identify
 h - 2 scrolls of remove curse
 j - 2 scrolls of blinking
 q - a scroll of enchant weapon {unknown}
 r - 2 scrolls of noise {unknown}
 t - a scroll of amnesia {unknown}
Potions
 l - a potion of lignification {unknown}
 m - 2 potions of flight {unknown}
 o - 3 potions of heal wounds {unknown}
 p - 3 potions of haste {unknown}
 s - a potion of resistance {unknown}
 v - 3 potions of curing {unknown}
 w - a potion of agility {unknown}
 z - a potion of invisibility {unknown}
 A - a potion of degeneration {unknown}
Comestibles
 c - 5 rations
 f - 6 chunks of flesh


   Skills:
 + Level 1.1 Fighting
 + Level 0.5 Short Blades
 + Level 2.8 Dodging
 + Level 2.6 Stealth
 + Level 0.3 Unarmed Combat
 * Level 5.5 Spellcasting
 + Level 3.5 Conjurations
 * Level 5.6 Fire Magic


You had 12 spell levels left.
You knew the following spells:

 Your Spells              Type           Power        Failure   Level  Hunger
a - Flame Tongue          Conj/Fire      ####.        1%          1    None
b - Throw Flame           Conj/Fire      ####..       1%          2    None
c - Conjure Flame         Conj/Fire      ####....     4%          3    ##.....

Your spell library contained the following spells:

 Spells                   Type           Power        Failure   Level  Hunger
 Inner Flame              Hex/Fire       ###.....     9%          3    ##.....
 Sticky Flame             Conj/Fire      ####....     14%         4    ####...
 Fireball                 Conj/Fire      ####......   36%         5    #####..


Dungeon Overview and Level Annotations

Branches:
Dungeon (7/15)             Temple (0/1) D:4         Ossuary (visited)

Annotations:
D:7 Prince Ribbit


Innate Abilities, Weirdness & Mutations

You have an increased reservoir of magic. (+10% MP)


Message History

The water moccasin skeleton is severely damaged.
The water moccasin skeleton completely misses you.
Casting: Flame Tongue (safe; 1% risk of failure)
Confirm with . or Enter, or press ? or * to list all spells.
Aiming: Flame Tongue (safe; 1% risk of failure)
Press: ? - help, Shift-Dir - straight line, f/p - jelly
Aim: a jelly The flame tongue hits the water moccasin skeleton!
You destroy the water moccasin skeleton!
Casting: Flame Tongue (safe; 1% risk of failure)
Confirm with . or Enter, or press ? or * to list all spells.
Aiming: Flame Tongue (safe; 1% risk of failure)
Press: ? - help, Shift-Dir - straight line, f/p - jelly
Aim: a jelly The flame tongue hits the jelly!
The jelly is heavily wounded.
The jelly hits you.
* * * LOW HITPOINT WARNING * * *
You are splashed with acid!
You die...

#############
............##
#####........## #
#.....>...#. ..
#..........#
...###..........#
.......##@......#
.##....J#.....##
#....!......#
#............#
#............#
..............#
.........#.....##
...#.....##...##
...#.....# ####


You could see a jelly.

Vanquished Creatures
  Sigmund (D:3)
  A centaur (D:6)
  An ogre (D:4)
  8 scorpions (Ossuary)
  A water moccasin skeleton (D:6)
  3 centaur zombies (Ossuary)
  A human zombie (Ossuary)
  A centaur skeleton (D:4)
  Jessica (D:3)
  An orc wizard (D:4)
  A worker ant (D:4)
  A big kobold zombie (Ossuary)
  3 mummies (Ossuary)
  4 gnolls (D:3)
  4 adders
  A howler monkey skeleton (D:4)
  2 scorpion zombies (Ossuary)
  2 oozes
  A dart slug (D:2)
  A leopard gecko (D:2)
  5 orcs
  A ball python (D:4)
  4 giant cockroaches (D:1)
  3 goblins
  2 hobgoblins (D:2)
  4 jackals (D:3)
  2 quokkas
  3 bats (D:2)
  6 frilled lizards
  A gnoll zombie (Ossuary)
  3 goblin zombies (Ossuary)
  3 hobgoblin zombies (Ossuary)
  11 kobolds
  3 kobold zombies (Ossuary)
  4 orc zombies (Ossuary)
  18 rats
112 creatures vanquished.

Vanquished Creatures (others)
  A scorpion (Ossuary)
1 creature vanquished.

Grand Total: 113 creatures vanquished

Notes
Turn   | Place    | Note
-------+----------+-------------------------------------------
     0 | D:1      | Leibowitz the Demigod Fire Elementalist began the quest for
                  | the Orb.
     0 | D:1      | Reached XP level 1. HP: 14/14 MP: 5/5
   407 | D:1      | Reached XP level 2. HP: 20/20 MP: 2/7
   589 | D:1      | Reached skill level 1 in Conjurations
   700 | D:1      | Learned a level 2 spell: Throw Flame
  1551 | D:2      | Found a sparkling altar of Nemelex Xobeh.
  1608 | D:2      | Reached XP level 3. HP: 26/26 MP: 9/9
  1629 | D:2      | Learned a level 3 spell: Conjure Flame
  2357 | D:3      | Reached XP level 4. HP: 31/33 MP: 0/10
  2580 | D:3      | Noticed Sigmund
  2603 | D:3      | Killed Sigmund
  2603 | D:3      | Reached XP level 5. HP: 38/38 MP: 6/13
  2957 | D:3      | Noticed Jessica
  2963 | D:3      | Killed Jessica
  3207 | D:3      | Found a faded altar of an unknown god.
  3348 | D:3      | Paralysed by an orc for 3 turns
  3467 | D:4      | Reached XP level 6. HP: 40/46 MP: 14/14
  3499 | D:4      | Found an ancient bone altar of Kikubaaqudgha.
  3501 | D:4      | Found a blossoming altar of Fedhas.
  3512 | D:4      | Found a staircase to the Ecumenical Temple.
  3760 | D:4      | Found a sand-covered staircase.
  3850 | Ossuary  | Entered an ossuary
  4451 | Ossuary  | Reached skill level 1 in Fighting
  4451 | Ossuary  | Reached XP level 7. HP: 38/52 MP: 5/16
  5314 | Ossuary  | Reached skill level 5 in Fire Magic
  5708 | Ossuary  | Reached skill level 5 in Spellcasting
  6051 | D:4      | You fall into a shaft and drop 3 floors!
  6069 | D:7      | Noticed Prince Ribbit
  6101 | D:6      | Reached XP level 8. HP: 13/59 MP: 19/19
  6106 | D:6      | Splashed by a jelly's acid

Levels and vault maps discovered:
D:1:      sevenhm_arrival_forest_fort_large_4, layout_basic
D:2:      layout_rooms, nemelex_xobeh_ov_fountains_minmay, first_ration,
          serial_bayou, serial_bayou_pond_a, serial_bayou_crossing,
          serial_bayou_shore_b, serial_bayou_lake_a, minmay_octomino_j4
D:3:      layout_loops_corners, chequers_ecumenical_altar_simple,
          kennysheep_generic_room_8, uniq_jessica, uniq_sigmund
D:4:      layout_loops_ring, grunt_temple_overflow_growth_and_decay,
          minmay_temple_entry_mini_moons, enter_ossuary_5
D:6:      minmay_recursive_quarters, layout_rooms, kennysheep_mini, uniq_edmund
D:7:      layout_gridville, kb_lookout_dungeons_type, roderic_st_hans_cross,
          st_stairs_4, uniq_prince_ribbit1

Skill      XL: |  1  2  3  4  5  6  7 |
---------------+----------------------+-----
Fire Magic     | 3 4 5 |  5.6
Spellcasting   | 2 3 4 5 |  5.5
Conjurations   | 1 2 3 |  3.5
Dodging        | 2 |  2.8
Stealth        | 2 |  2.6
Fighting       | 1 |  1.1
Short Blades   | |  0.5
Unarmed Combat | |  0.3

Action                   |  1- 3 |  4- 6 |  7- 9 || total
-------------------------+-------+-------+-------++-------
Melee: Unarmed           |     8 |       |       ||     8
       Dagger            |     7 |    41 |    30 ||    78
       Punch             |       |       |     1 ||     1
 Cast: Flame Tongue      |    71 |    80 |    51 ||   202
       Throw Flame       |    16 |    11 |    20 ||    47
       Conjure Flame     |     1 |       |       ||     1
  Use: Scroll            |       |       |     6 ||     6
 Stab: Sleeping          |     1 |     3 |     1 ||     5
  Eat: Chunk             |     6 |     5 |       ||    11
       Ration            |       |     1 |     1 ||     2
Armor: Robe              |     8 |     9 |     9 ||    26
Dodge: Dodged            |    38 |    57 |    30 ||   125

Table legend:
 A = Non-vault XP
 B = Vault XP
 C = Vault XP percentage of total XP
 D = Non-vault monster count
 E = Vault monster count
 F = Vault count percentage of total count
                 A         B        C        D         E       F
            +---------+---------+-------+---------+---------+-------
      Total |     645 |    1141 |  63.9 |      75 |      36 |  32.4
            +---------+---------+-------+---------+---------+-------
        D:1 |      35 |       0 |   0.0 |      22 |       0 |   0.0
        D:2 |      58 |       2 |   3.3 |      22 |       2 |   8.3
        D:3 |      87 |     266 |  75.4 |      18 |       3 |  14.3
        D:4 |     280 |       0 |   0.0 |      11 |       0 |   0.0
        D:6 |     185 |       0 |   0.0 |       2 |       0 |   0.0
    Ossuary |       0 |     873 | 100.0 |       0 |      31 | 100.0
            +---------+---------+-------+---------+---------+-------
